 Dungeon Crawl Stone Soup version 0.31.0-11-ge490571c62 (webtiles) character file.

Game seed: 14700889416429507447

80 Gadfly the Insei (level 4, 28/35 HPs)
             Began as a Demonspawn Monk on Feb 1, 2024.
             Quit the game on level 2 of the Dungeon.
             The game lasted 00:02:20 (1195 turns).

Gadfly the Insei (Demonspawn Monk)                  Turns: 1195, Time: 00:02:20

Health: 28/35      AC:  2    Str: 13    XL:     4   Next: 18%
Magic:  5/5        EV: 13    Int: 10    God:
Gold:   59         SH:  0    Dex: 16    Spells: 3/3 levels left

rFire   . .          .
                       - Unarmed
rCold   . . .        c - orb {light}
rNeg    . . .        a - +0 robe
rPois   .            (no helmet)
rElec   .            (no cloak)
rCorr   .            (no gloves)
SInv    .            (no boots)
Will    .....        (no amulet)
Stlth   +            (no ring)
HPRegen 0.25/turn    (no ring)
MPRegen 0.09/turn

%: no passive effects
@: glowing
A: foul stench 1, demonic magic 1
a: no special abilities


You were on level 2 of the Dungeon.
You visited 1 branch of the dungeon, and saw 2 of its levels.

You collected 59 gold pieces.

Inventory:

Missiles
 f - a throwing net (quivered)
Armour
 a - a +0 robe (worn)
 c - an orb of light (worn)
Potions
 b - a potion of ambrosia
 d - a potion of invisibility {unknown}
 e - a potion of curing {unknown}


   Skills:
 - Level 3.0 Fighting
 + Level 3.0 Dodging
 * Level 3.2 Unarmed Combat
 * Level 2.2 Invocations
 * Level 1.5 Evocations
 * Level 1.1 Shapeshifting


You had 3 spell levels left.
You didn't know any spells.
Your spell library was empty.

Dungeon Overview and Level Annotations

Branches:
Dungeon (2/15)

Altars:


Innate Abilities, Weirdness & Mutations

You may rarely emit foul miasma when damaged in melee.
Spells you cast may paralyse adjacent enemies.


Message History

No target in view!
No target in view!
No target in view!
No target in view!
No target in view!
No target in view!
No target in view!
You now have 59 gold pieces (gained 11).
Things that are here:
6 stones; a hobgoblin corpse
Found a stone staircase leading down.
You start waiting.
Natasha, Servant of Life and Death comes into view.
Natasha hisses angrily.
There is an open door here.
Natasha casts a spell.
You hit Natasha.
Natasha is moderately wounded.
Natasha misses you.
You hit Natasha.
Natasha is heavily wounded.
The cerulean imp hits you from afar with a +2 spear.
Natasha extends her claws.
Natasha closely misses you.
You hit Natasha.
Natasha is severely wounded.
The cerulean imp hits you from afar with a +2 spear.
Natasha closely misses you.
You hit Natasha.
You kill Natasha!
Natasha growls in agony!
The cerulean imp disappears in a puff of smoke!
Your Dodging skill increases to level 3!
You have reached level 4!
You feel agile.
Your demonic ancestry asserts itself...
A menacing aura infuses your magic.
There is a stone staircase leading down, spattered with blood here.
You see here the felid corpse of Natasha.
You see here a +1 pair of gloves.
Are you sure you want to abandon this character and quit the game? (Confirm with "yes".)

#.......#
#.......#
#.......#
#.#######
#.######
#####'#....##
#............
#....>.......
#...@......##
#..........#
#######....#
....# ....#
....# ####


There were no monsters in sight!

Vanquished Creatures
  Natasha (twice) (D:2)
  A ribbon worm (D:2)
  A dart slug (D:1)
  3 ball pythons
  2 bats (D:1)
  2 giant cockroaches (D:1)
  2 goblins
  4 hobgoblins
  A frilled lizard (D:1)
  4 kobolds
  3 rats
25 creatures vanquished.

Notes
Turn   | Place    | Note
-------+----------+-------------------------------------------
     0 | D:1      | Gadfly the Demonspawn Monk began the quest for the Orb.
     0 | D:1      | Reached XP level 1. HP: 18/18 MP: 1/1
   172 | D:1      | Gained mutation: You may rarely emit foul miasma when
                  | damaged in melee. [demonic ancestry]
   172 | D:1      | Reached XP level 2. HP: 21/24 MP: 2/2
   215 | D:1      | Reached skill level 1 in Invocations
   797 | D:2      | Noticed Natasha
   805 | D:2      | Killed Natasha
   806 | D:2      | Reached skill level 1 in Evocations
   806 | D:2      | Reached skill level 1 in Shapeshifting
   806 | D:2      | Reached XP level 3. HP: 12/29 MP: 2/4
  1185 | D:2      | Noticed Natasha
  1192 | D:2      | Killed Natasha
  1193 | D:2      | Gained mutation: Spells you cast may paralyse adjacent
                  | enemies. [demonic ancestry]
  1193 | D:2      | Reached XP level 4. HP: 27/35 MP: 5/5
  1195 | D:2      | Quit the game

Illustrated notes

Levels and vault maps discovered:
D:1:      nicolae_arrival_washed_ashore, layout_loops_cross
D:2:      layout_basic, basic_altar, uniq_natasha

Skill      XL: |  1  2  3 |
---------------+----------+-----
Invocations    | 1 2 |  2.2
Unarmed Combat | 3 |  3.2
Evocations     | 1 |  1.5
Shapeshifting  | 1 |  1.1
Dodging        | 3 |  3.0
Fighting       | |  3.0

Action                     |  1- 3 |  4- 6 || total
---------------------------+-------+-------++-------
  Melee: Unarmed           |    74 |       ||    74
    Use: Scroll            |     2 |       ||     2
 Armour: Robe              |    39 |       ||    39
  Dodge: Dodged            |    45 |       ||    45
